 Dungeon Crawl Stone Soup version 0.27.0-1-g7a089689b8 (webtiles) character file.

Game seed: 453542902435795761

125 hawla the Conjurer (level 4, -7/26 HPs)
             Began as a Deep Elf Conjurer on Aug 1, 2021.
             Killed from afar by Blork the orc (8 damage)
             ... with a magic dart
             ... on level 4 of the Dungeon.
             The game lasted 00:07:43 (3365 turns).

hawla the Conjurer (Deep Elf Conjurer)              Turns: 3365, Time: 00:07:44

Health: -7/26      AC:  4    Str:  4      XL:     4   Next: 82%
Magic:  1/10       EV: 12    Int: 23 (24) God:
Gold:   128        SH:  0    Dex: 12 (13) Spells: 7/9 levels left

rFire    . . .     SeeInvis .   (no weapon)
rCold    . . .     Faith    .   (no shield)
rNeg     . . .     Spirit   .   a - +0 robe
rPois    .         Reflect  .   (no helmet)
rElec    .         Harm     .   (no cloak)
rCorr    .         Rampage  .   c - +1 pair of gloves
Will     .....                  (no boots)
Stlth    ++........             (no amulet)
HPRegen  0.08/turn              (no ring)
MPRegen  0.12/turn              (no ring)

@: hasted, very quick
A: no striking features
a: no special abilities


You were on level 4 of the Dungeon.
You visited 1 branch of the dungeon, and saw 4 of its levels.

You collected 128 gold pieces.

Inventory:

Missiles
 i - 3 boomerangs
Armour
 a - a +0 robe (worn)
 c - a +1 pair of gloves (worn)
Jewellery
 f - a +6 ring of strength
Potions
 d - a potion of attraction
 j - a potion of ambrosia {unknown}


   Skills:
 - Level 2.0 Fighting
 - Level 2.4 Dodging
 - Level 2.4 Stealth
 - Level 3.0 Spellcasting
 + Level 5.3 Conjurations
 + Level 2.6 Translocations


You had 7 spell levels left.
You knew the following spells:

 Your Spells              Type           Power      Damage    Failure   Level
b - Searing Ray           Conj           56%        3d5       1%          2

Your spell library contained the following spells:

 Spells                   Type           Power      Damage    Failure   Level
 Magic Dart               Conj           100%       1d8       1%          1
 Dazzling Flash           Conj/Hex       30%        N/A       12%         3
 Stone Arrow              Conj/Erth      30%        3d8       12%         3
 Iskenderun's Mystic Bla  Conj/Tloc      21%        2d6       22%         4
 Fulminant Prism          Conj/Hex       7%         3d7       36%         4
 Animate Armour           Summ/Erth      6%         N/A       75%         4
 Lehudib's Crystal Spear  Conj/Erth      7%         10d3      100%        8


Dungeon Overview and Level Annotations

Branches:
Dungeon (4/15)
 Temple: D:4-7

Altars:
Cheibriados

Shops:
D:3 *

Annotations:
D:2 Terence
D:4 Blork the orc


Message History

The searing ray hits the dart slug!
You kill the dart slug!
You finish channeling your searing ray.
As you read the scroll labelled WIROVAI PIPRUM, it crumbles to dust.
It is a scroll of amnesia.
Forget Magic Dart, freeing 1 spell level for a total of 7? [Y]es or [N]o only, please.
Forget Magic Dart, freeing 1 spell level for a total of 7?
Your memory of Magic Dart unravels.
Blork the orc hits you with a +0 mace of protection.
As you read the scroll labelled SEIPLELITO, it crumbles to dust.
It is a scroll of enchant armour.
Your +0 pair of gloves glows green for a moment.
Blork the orc begins to cast a cantrip, but forgets the words!
As you read the scroll labelled HARUTI RYING, it crumbles to dust.
It is a scroll of brand weapon.
You aren't carrying any weapons that can be branded.
Blork the orc closely misses you.
Casting: Searing Ray (safe; 1% risk of failure)
Confirm with . or Enter, or press ? or * to list all spells.
Aiming: Searing Ray (safe; 1% risk of failure)
Press: ? - help, Shift-Dir - straight line, f - Blork the orc
Aim: Blork the orc, wielding a +0 mace of protection and wearing a +0 robe (heavily wounded, 82% to hit)
The searing ray hits Blork the orc.
Blork the orc is heavily wounded. (Press . to maintain the ray.) Blork the orc begins to cast a cantrip, but forgets the words!
The searing ray misses Blork the orc.
Blork the orc hits you with a +0 mace of protection!
The searing ray misses Blork the orc.
Blork the orc hits you with a +0 mace of protection.
The searing ray hits Blork the orc!
Blork the orc is almost dead.
You finish channeling your searing ray.
Blork the orc hits you with a +0 mace of protection!
* * * LOW HITPOINT WARNING * * *
It was a potion of haste.
You feel yourself speed up.
Blork the orc points at you and mumbles some strange words.
The magic dart hits you!
You die...

. . .#. ...
#. #.# ...
#.# †#.. #.#
....
#.#####..#...
#....@o......
#.######.#.#.
. #.# . #.# #
. #.# ..# #.#
.... #.#
.##..
#.######
.....
#.##...#


You could see Blork the orc.

Vanquished Creatures
  5 adders
  A worm (D:3)
  4 dart slugs
  8 orcs
  3 endoplasms
  2 giant cockroaches
  6 goblins
  6 hobgoblins
  4 jackals (D:3)
  2 quokkas
  7 ball pythons
  2 frilled lizards
  5 kobolds
  7 rats
62 creatures vanquished.

Vanquished Creatures (others)
  9 fungi (D:2)
  5 plants (D:2)
14 creatures vanquished.

Grand Total: 76 creatures vanquished

Notes
Turn   | Place    | Note
-------+----------+-------------------------------------------
     0 | D:1      | hawla the Deep Elf Conjurer began the quest for the Orb.
     0 | D:1      | Reached XP level 1. HP: 10/10 MP: 6/6
   389 | D:1      | Reached XP level 2. HP: 16/16 MP: 6/8
   392 | D:1      | Learned a level 2 spell: Searing Ray
   515 | D:1      | Reached skill level 1 in Translocations
   774 | D:2      | Reached skill level 1 in Fighting
   911 | D:2      | Noticed Terence
   983 | D:2      | Reached XP level 3. HP: 20/20 MP: 5/9
  2023 | D:3      | Reached skill level 5 in Conjurations
  2310 | D:3      | Reached XP level 4. HP: 25/25 MP: 8/10
  2582 | D:3      | Found a snail-covered altar of Cheibriados.
  2989 | D:3      | Found Itze Igrahod's General Store.
  3353 | D:4      | Noticed Blork the orc
  3364 | D:4      | HP: 1/26 [Blork the orc (8)]
  3365 | D:4      | Killed from afar by Blork the orc

Illustrated notes

Levels and vault maps discovered:
D:1:      dpeg_arrival_short_road, layout_basic
D:2:      layout_loops_cross, shapermc_ecumenical_altar_mp_urbaneastern,
          hangedman_decor_push, minmay_misc_feat_tiny, uniq_terence
D:3:      layout_loops_ring, kennysheep_slug_shrine, serial_shops,
          nicolae_shop_behind_doors
D:4:      layout_loops_ring, minitemple, minmay_temple_entry_ruins,
          uniq_blork_the_orc

Skill      XL: |  1  2  3  4 |
---------------+-------------+-----
Translocations | 1 2 |  2.6
Fighting       | 1 2 |  2.0
Conjurations   | 5 |  5.3
Dodging        | |  2.4
Stealth        | |  2.4
Spellcasting   | |  3.0

Action                   |  1- 3 |  4- 6 || total
-------------------------+-------+-------++-------
Melee: Unarmed           |     6 |       ||     6
 Cast: Magic Dart        |    34 |    13 ||    47
       Searing Ray       |    24 |    12 ||    36
  Use: Scroll            |     4 |     3 ||     7
       Potion            |     1 |     1 ||     2
Armor: Robe              |     1 |     1 ||     2
Dodge: Dodged            |    11 |    15 ||    26
